 Dungeon Crawl Stone Soup version 0.28.0-53-g5a82cb258f (webtiles) character file.

Game seed: 3186457181215597363

137218 Brecoman the Fighter (level 16, -10/147 HPs)
             Began as a Red Draconian Fire Elementalist on Feb 8, 2022.
             Was an Initiate of Yredelemnul.
             Mangled by a spriggan defender simulacrum (17 damage)
             ... in an ice cave on June 29, 2022.
             The game lasted 03:05:11 (43516 turns).

Brecoman the Fighter (DrFE)                        Turns: 43516, Time: 03:05:12

Health: -10/147    AC: 15    Str: 11    XL:     16   Next: 68%
Magic:  42/42      EV: 12    Int: 22    God:    Yredelemnul [......]
Gold:   1633       SH:  5    Dex: 13    Spells: 16/41 levels left

rFire   + + .      SeeInvis .   m - staff of fire
rCold   . . .      Faith    .   (no shield)
rNeg    . . .      Spirit   .   (armour unavailable)
rPois   .          Reflect  +   (helmet restricted)
rElec   .          Harm     .   d - +2 cloak
rCorr   .          Rampage  .   k - +1 pair of gloves
Will    ++...                   Q - +0 pair of boots
Stlth   ++........              O - amulet of reflection
HPRegen 0.34/turn               W - ring of wizardry
MPRegen 0.28/turn               x - ring of magical power

@: flying, slowed, very slow
A: breathe fire, AC +9, unfitting armour, fire resistance 1, cold-blooded,
antennae 1, big wings, talons 1, strong-willed 1
a: Breathe Fire, Renounce Religion, Recall Undead Harvest


You were in an ice cave.
You worshipped Yredelemnul.
Yredelemnul was aware of your devotion.
You visited 3 branches of the dungeon, and saw 22 of its levels.
You also visited: Bailey and Ice Cave.

You collected 1633 gold pieces.

Inventory:

Hand Weapons
 a - a +0 club
 b - a +0 dagger of venom
 w - a +5 hunting sling of flaming
 F - the +7 spear "Qien Sint" {vorpal, rF+ rN+}
   (You found it on level 8 of the Dungeon)

   It inflicts extra damage upon your enemies.
   rF:        It protects you from fire.
   rN:        It protects you from negative energy.
Missiles
 g - a throwing net
 h - 739 stones (quivered)
Armour
 d - a +2 cloak (worn)
 k - a +1 pair of gloves (worn)
 H - an orb of mayhem
 Q - a +0 pair of boots (worn)
Magical Staves
 m - a staff of fire (weapon)
Jewellery
 x - a ring of magical power (right hand)
 C - a +6 ring of dexterity
 O - an amulet of reflection (around neck)
 P - a +6 ring of strength
 R - a ring of positive energy
 W - a ring of wizardry (left hand)
Wands
 i - a wand of flame (24)
 p - a wand of iceblast (19)
 B - a wand of digging (3)
 D - a wand of paralysis (17)
Scrolls
 n - 8 scrolls of teleportation
 r - 2 scrolls of brand weapon
 s - 4 scrolls of enchant armour
 y - 9 scrolls of identify
 z - 2 scrolls of fog
 E - a scroll of fear
 G - 3 scrolls of amnesia
 I - 3 scrolls of noise
 J - a scroll of magic mapping
 L - 2 scrolls of summoning
 T - 2 scrolls of enchant weapon
 U - a scroll of silence
Potions
 c - 8 potions of curing
 e - 2 potions of flight
 f - 4 potions of attraction
 j - 2 potions of mutation
 l - 5 potions of degeneration
 o - 6 potions of brilliance
 q - 4 potions of invisibility
 v - 3 potions of cancellation
 A - a potion of berserk rage
 M - 2 potions of ambrosia
 N - 2 potions of might
 S - a potion of haste
Miscellaneous
 t - a tin of tremorstones (2/2)
 K - a box of beasts


   Skills:
 + Level 14.9 Fighting
 - Level 3.0(8.0) Polearms
 + Level 11.5(11.7) Staves
 - Level 2.1 Dodging
 - Level 2.2 Stealth
 + Level 13.1 Spellcasting
 + Level 8.1 Conjurations
 - Level 14.0 Fire Magic
 + Level 4.2 Earth Magic
 - Level 10.0 Invocations
 - Level 7.0 Evocations


You had 16 spell levels left.
You knew the following spells:

 Your Spells              Type           Power      Damage    Failure   Level
a - Foxfire               Conj/Fire      100%       2x1d9     1%          1
b - Scorch                Fire           100%       2d10      0%          2
c - Conjure Flame         Conj/Fire      76%        6-21      1%          3
d - Flame Wave            Conj/Fire      76%        2d14      1%          4
e - Passwall              Tmut/Erth      19%        N/A       1%          2
f - Apportation           Tloc           28%        N/A       1%          1
g - Mephitic Cloud        Conj/Pois/Air  26%        N/A       1%          3
h - Inner Flame           Hex/Fire       61%        N/A       1%          3
i - Iron Shot             Conj/Erth      20%        9d5       21%         6

Your spell library contained the following spells:

 Spells                   Type           Power      Damage    Failure   Level
 Magic Dart               Conj           100%       1d8       1%          1
 Ignite Poison            Fire/Tmut/Pois 51%        N/A       1%          3
 Iskenderun's Battlesphe  Conj           50%        2d10      1%          5
 Call Imp                 Summ           14%        N/A       2%          2
 Corpse Rot               Necr/Air       28%        N/A       2%          2
 Ensorcelled Hibernation  Hex/Ice        28%        N/A       2%          2
 Poisonous Vapours        Pois/Air       28%        N/A       2%          2
 Fulminant Prism          Conj/Hex       16%        3d11      3%          4
 Iskenderun's Mystic Bla  Conj/Tloc      32%        2d8       3%          4
 Call Canine Familiar     Summ           14%        N/A       5%          3
 Portal Projectile        Hex/Tloc       28%        N/A       5%          3
 Spider Form              Tmut/Pois      14%        N/A       5%          3
 Swiftness                Air            14%        N/A       5%          3
 Tukima's Dance           Hex            14%        N/A       5%          3
 Leda's Liquefaction      Hex/Erth       11%        N/A       8%          4
 Lee's Rapid Deconstruct  Erth           16%        3d11*     9%          5
 Freezing Cloud           Conj/Ice/Air   13%        6-21      16%         5
 Anguish                  Hex/Necr       7%         N/A       17%         4
 Passage of Golubria      Tloc           14%        N/A       17%         4
 Yara's Violent Unravell  Hex/Tmut       7%         3d5       43%         5
 Simulacrum               Ice/Necr       7%         N/A       92%         6
 Summon Cactus Giant      Summ           7%         N/A       92%         6
 Spellforged Servitor     Conj/Summ      16%        N/A       93%         7
 Polar Vortex             Ice            7%         N/A       100%        9


Dungeon Overview and Level Annotations

Branches:
Dungeon (15/15) Temple (0/1) D:5 Lair (6/6) D:10 Shoals (1/4) Lair:4 Snake (0/4) Lair:3 Slime (0/5) Lair:6 Orc (0/2) D:10 Vaults (0/5) D:13 D:14 Depths (0/4) D:15 Bailey (visited) IceCv (1/1)

Altars:
Cheibriados
Dithmenos
Kikubaaqudgha
Makhleb
Nemelex Xobeh
Okawaru
Ru
Sif Muna
Trog
Uskayaw
Wu Jian
Yredelemnul
The Shining One
Beogh
Jiyva

Annotations:
D:4 2 runed translucent doors
D:9 2 transporters, Tzialkovskiy's ghost, novice TrBr
Lair:2 exclusion: hydra
Lair:6 3 runed translucent doors, Razfen's ghost, journeyman GnWn


Innate Abilities, Weirdness & Mutations

You can breathe blasts of fire.
Your fiery red scales are hard. (AC +9)
You cannot fit into any form of body armour.
Your flesh is heat resistant. (rF+)
You are cold-blooded and may be slowed by cold attacks.
You have a pair of small antennae on your head.
Your large and strong wings let you fly.
You have sharp toenails.
You are strong-willed. (Will+)


Message History

The spriggan defender simulacrum hits you!
The spriggan defender simulacrum freezes you!!
You hit the spriggan defender simulacrum.
You burn the spriggan defender simulacrum.
The spriggan defender simulacrum is lightly damaged.
The spriggan defender simulacrum closely misses you.
You hit the spriggan defender simulacrum.
You burn the spriggan defender simulacrum!!
The spriggan defender simulacrum is heavily damaged.
The spriggan defender simulacrum barely misses you.
You miss the spriggan defender simulacrum.
The spriggan defender simulacrum is heavily damaged.
You block the spriggan defender simulacrum's attack.
You closely miss the spriggan defender simulacrum.
You tail-slap the spriggan defender simulacrum.
The spriggan defender simulacrum is severely damaged.
The spriggan defender simulacrum hits you but does no damage.
You miss the spriggan defender simulacrum.
The spriggan defender simulacrum is severely damaged.
The spriggan defender simulacrum hits you but does no damage.
You hit the spriggan defender simulacrum.
You burn the spriggan defender simulacrum!
The spriggan defender simulacrum is almost destroyed.
The spriggan defender simulacrum hits you.
The spriggan defender simulacrum freezes you!!
You feel yourself slow down.
The spriggan defender simulacrum hits you.
The spriggan defender simulacrum freezes you!
You feel as though you will be slow longer.
You are too injured to fight recklessly!
You miss the spriggan defender simulacrum.
The spriggan defender simulacrum is almost destroyed.
The spriggan defender simulacrum hits you!
The spriggan defender simulacrum freezes you!!!
* * * LOW HITPOINT WARNING * * *
The spriggan defender simulacrum hits you.
* * * LOW HITPOINT WARNING * * *
The spriggan defender simulacrum freezes you!
You die...
Your body rises from the dead as a mindless zombie.

.# .## .. ..# ##≈ ....
#### #≈≈ .....
##..###### ≈≈###.....
##....##..## ..#......
#..........###4.......
#.∩.∩.......#.ZZ......
#.......##.@Z.##......
##....#####..##


ZZ... ##..## #### .... #### .#. # You could see an ice devil, a spriggan
defender simulacrum, a minotaur simulacrum and an entropy weaver simulacrum.

Vanquished Creatures
  An orc warlord (Bailey)
  Nessos (D:14)
  A dire elephant (D:15)
  2 catoblepae
  11 hydras
  An ogre mage (D:15)
  A two-headed ogre (D:10)
  Urug (D:12)
  A death yak (Lair:6)
  2 lindwurms
  A wizard (D:15)
  A phantasmal warrior (D:12)
  6 ugly things
  2 orc knights
  3 cyclopes
  3 manticores
  An ice statue (Lair:6)
  A naga mage (D:15)
  A merfolk siren (Lair:4)
  13 elephants
  3 black mambas
  8 cane toads
  2 gargoyles
  A freezing wraith (D:12)
  A rime drake (Lair:4)
  5 komodo dragons
  3 polar bears
  3 trolls
  A hydra zombie (Lair:4)
  A merfolk (Shoals:1)
  3 meliai (Lair:4)
  Grinder (D:4)
  9 dream sheep
  27 blink frogs
  7 slime creatures
  A centaur simulacrum (D:15)
  A shadow (D:13)
  6 wyverns
  22 yaks
  9 humans (D:13)
  A wraith (D:12)
  2 basilisks
  3 vampire mosquitoes
  A steam dragon (D:9)
  Menkaure (D:4)
  10 water moccasins
  2 sky beasts
  6 ice beasts
  2 black bears
  6 orc warriors
  A hornet zombie (D:7)
  8 necrophages
  18 wolves
  4 centaurs
  A phantom (D:5)
  11 bullfrogs
  2 kobold brigands
  A bullfrog (shapeshifter) (D:13)
  6 scorpions
  A deep troll simulacrum (IceCv)
  A water moccasin skeleton (D:7)
  A queen bee zombie (Lair:4)
  29 killer bees
  6 wights
  A howler monkey (D:4)
  A wolf zombie (Lair:4)
  3 centaur zombies
  A bullfrog skeleton (D:5)
  9 hounds
  7 orc priests
  4 jellies
  A hell rat (Lair:4)
  6 orc wizards
  5 iguanas
  A killer bee zombie (D:6)
  A hound skeleton (D:4)
  A howler monkey zombie (D:5)
  7 gnolls
  3 adders
  A white imp (Lair:6)
  4 worms
  6 dart slugs
  49 orcs
  15 endoplasms
  9 giant cockroaches
  13 goblins
  13 hobgoblins
  4 jackals
  20 kobolds
  10 quokkas
  6 ball pythons
  A bat (D:2)
  8 frilled lizards
  A goblin zombie (D:4)
  A kobold zombie (Bailey)
  4 orc zombies
  2 rats
  A butterfly (Lair:3)
511 creatures vanquished.

Vanquished Creatures (collateral kills)
  Rupert (D:14)
  Agnes (D:15)
  3 boulder beetles
  A centaur warrior (D:13)
  A catoblepas (Lair:6)
  A death knight (D:11)
  5 hydras
  8 two-headed ogres
  A merfolk avatar (Shoals:1)
  5 death yaks (Lair:6)
  An orc knight (D:13)
  An ugly thing (D:12)
  2 cyclopes
  3 manticores
  3 fauns (Shoals:1)
  A water nymph (Shoals:1)
  6 elephants
  2 ice statues (Shoals:1)
  Joseph (D:10)
  A centaur zombie (D:11)
  2 black mambas (Lair:5)
  A spectral slime creature (D:11)
  2 komodo dragons
  6 cane toads
  A rime drake (Lair:1)
  An efreet (D:14)
  A freezing wraith (Lair:6)
  A queen bee (Lair:4)
  A troll (D:14)
  3 merfolk (Shoals:1)
  3 polar bears (Lair:6)
  A wind drake (Shoals:1)
  5 blink frogs
  7 slime creatures
  2 snapping turtles (Shoals:1)
  6 dream sheep
  A black mamba zombie (Lair:5)
  A shadow (D:12)
  A water elemental (Shoals:1)
  A wyvern (Lair:4)
  21 yaks
  7 humans
  4 basilisks
  3 vampire mosquitoes
  A warg (Lair:3)
  An acid dragon (D:13)
  3 water moccasins
  2 orc warriors
  An ice beast (Lair:6)
  An elephant zombie (Lair:4)
  3 ogres (D:15)
  4 dream sheep zombies (Lair:4)
  A blink frog zombie (Lair:5)
  2 centaurs (D:11)
  4 wolves (Lair:6)
  3 bullfrogs
  2 water moccasin zombies
  3 wyvern zombies
  12 killer bees
  4 yak zombies
  2 wolf zombies
  2 bullfrog zombies
  2 orc priests
  A basilisk zombie (Lair:4)
  2 jellies
  4 iguanas (D:9)
  2 orc wizards
  2 killer bee zombies (Lair:4)
  2 hound zombies (Lair:3)
  A hound skeleton (D:5)
  3 gnolls
  A howler monkey skeleton (D:6)
  A white imp (Lair:6)
  7 orcs
  9 endoplasms
  A giant cockroach (D:4)
  2 goblins (Bailey)
  A kobold (Bailey)
  2 frilled lizards (D:9)
  3 orc zombies
  A bush (Lair:5)
  A foxfire (Lair:5)
229 creatures vanquished.

Vanquished Creatures (others)
  An elephant (Lair:4)
  A spectral slime creature (D:12)
  A death yak zombie (Lair:6)
  A catoblepas zombie (Lair:6)
  A meliai zombie (Lair:4)
  A spectral cane toad (Lair:5)
  A black mamba zombie (Lair:5)
  An ogre zombie (D:15)
  A faun zombie (Shoals:1)
  An elephant zombie (Lair:6)
  7 blink frog zombies
  A merfolk zombie (Lair:4)
  2 vampire mosquito zombies (D:13)
  A komodo dragon zombie (Lair:1)
  2 cyclops zombies (D:11)
  2 water moccasin zombies
  A spectral ice beast (Lair:6)
  A warg zombie (Lair:3)
  A troll zombie (D:11)
  7 yak zombies
  7 wolf zombies
  A centaur zombie (D:11)
  A bullfrog zombie (D:4)
  10 killer bee zombies
  A necrophage zombie (D:4)
  A sky beast zombie (D:4)
  2 hound zombies
  2 spectral jellies (Lair:6)
  21 orc zombies
  A dart slug zombie (D:4)
  2 giant cockroach zombies (D:4)
  3 gnoll zombies
  A goblin zombie (D:7)
  A hobgoblin zombie (Bailey)
  2 kobold zombies
  3 quokka zombies (D:4)
  A spectral endoplasm (Lair:6)
  402 foxfires
  50 fungi
  115 plants
662 creatures vanquished.

Grand Total: 1402 creatures vanquished

Notes
Turn   | Place    | Note
-------+----------+-------------------------------------------
     0 | D:1      | Brecoman the Draconian Fire Elementalist began the quest
                  | for the Orb.
     0 | D:1      | Reached XP level 1. HP: 14/14 MP: 3/3
   225 | D:1      | Reached XP level 2. HP: 2/20 MP: 0/5
   629 | D:1      | Learned a level 2 spell: Scorch
  1038 | D:1      | Reached XP level 3. HP: 26/26 MP: 4/6
  1336 | D:1      | Found a faded altar of an unknown god.
  2594 | D:1      | Reached XP level 4. HP: 18/33 MP: 3/8
  2728 | D:2      | HP: 1/33 [gnoll (6)]
  3880 | D:3      | Found an iron altar of Okawaru.
  4367 | D:2      | Reached XP level 5. HP: 39/39 MP: 0/9
  4578 | D:3      | Found a basalt altar of Yredelemnul.
  4578 | D:3      | Found a burning altar of Makhleb.
  4579 | D:3      | Found a bloodstained altar of Trog.
  4579 | D:3      | Found an ornate altar of the Wu Jian Council.
  4651 | D:3      | Became a worshipper of Yredelemnul the Dark
  5134 | D:3      | Reached skill level 1 in Fighting
  5134 | D:3      | Reached skill level 1 in Invocations
  5437 | D:4      | Found a large runed translucent door.
  5437 | D:4      | Found a large runed translucent door.
  5449 | D:4      | Noticed an orc warrior
  5471 | D:4      | Noticed Menkaure
  5483 | D:4      | Reached XP level 6. HP: 26/47 MP: 0/11
  5630 | D:4      | Killed Menkaure
  5717 | D:4      | Reached * piety under Yredelemnul
  6036 | D:3      | Your scales start taking on a fiery red colour.
  6036 | D:3      | Reached skill level 5 in Fire Magic
  6036 | D:3      | Reached XP level 7. HP: 39/56 MP: 5/12
  6036 | D:3      | Gained mutation: Your flesh is heat resistant. (rF+) [Red
                  | Draconian growth]
  6991 | D:4      | Found a large runed translucent door.
  6991 | D:4      | Found a large runed translucent door.
  7071 | D:4      | Reached ** piety under Yredelemnul
  7200 | D:4      | Noticed Grinder
  7204 | D:4      | Paralysed by Grinder for 5 turns
  7209 | D:4      | Killed Grinder
  7210 | D:4      | Reached XP level 8. HP: 41/66 MP: 4/14
  7343 | D:4      | Got Sif Muna's Almanac of the Compass
  7515 | D:4      | Learned a level 3 spell: Conjure Flame
  7520 | D:4      | Learned a level 4 spell: Flame Wave
  7632 | D:5      | Entered Level 5 of the Dungeon
  7977 | D:5      | Reached skill level 5 in Spellcasting
  8273 | D:5      | Reached skill level 5 in Conjurations
  8434 | D:5      | Reached skill level 5 in Fighting
  8569 | D:5      | Found a shimmering blue altar of Sif Muna.
  8700 | D:5      | Reached skill level 5 in Invocations
  8700 | D:5      | Reached XP level 9. HP: 74/74 MP: 15/17
  8885 | D:5      | Found a staircase to the Ecumenical Temple.
  9942 | D:7      | Found a flagged portal.
  9957 | Bailey   | Entered a bailey
 10003 | Bailey   | Noticed an orc warlord
 10014 | Bailey   | Noticed an orc knight
 10065 | Bailey   | Killed an orc knight
 10264 | Bailey   | Found a runed translucent gate.
 10266 | Bailey   | Found a runed translucent gate.
 10267 | Bailey   | Found a runed translucent gate.
 10502 | Bailey   | Killed an orc warlord
 10503 | Bailey   | Reached XP level 10. HP: 13/84 MP: 2/19
 11371 | D:7      | Found a shadowy altar of Dithmenos.
 13143 | D:8      | Found an ancient bone altar of Kikubaaqudgha.
 13254 | D:8      | Found a sacrificial altar of Ru.
 13363 | D:8      | Identified the +7 spear "Qien Sint" {vorpal, rF+ rN+}
 13457 | D:9      | Found a transporter.
 13461 | D:9      | Noticed a moth of wrath
 13471 | D:9      | Found a transporter.
 13473 | D:9      | Found a bloodstained altar of Trog.
 13473 | D:9      | Noticed Tzialkovskiy's ghost (novice TrBr)
 13484 | D:9      | Noticed a tengu warrior
 13516 | D:9      | Noticed a two-headed ogre
 13582 | D:9      | Reached skill level 1 in Polearms
 13585 | D:9      | Found a glowing golden altar of the Shining One.
 13585 | D:9      | Found a sparkling altar of Nemelex Xobeh.
 13588 | D:9      | Noticed a brown ugly thing
 13642 | D:9      | Killed a brown ugly thing
 13847 | D:9      | Reached *** piety under Yredelemnul
 13855 | D:9      | Reached skill level 10 in Fire Magic
 14332 | D:9      | Noticed a two-headed ogre
 14847 | D:10     | Entered Level 10 of the Dungeon
 14859 | D:10     | Reached XP level 11. HP: 85/94 MP: 6/22
 15117 | D:10     | Found a staircase to the Lair.
 15247 | D:10     | Found a snail-covered altar of Cheibriados.
 15452 | D:10     | Found a hide-covered altar of Uskayaw.
 15534 | D:10     | Found a staircase to the Orcish Mines.
 15537 | D:10     | Noticed an orc knight
 15878 | D:9      | Killed an orc knight
 16135 | D:10     | Noticed Joseph
 16145 | D:10     | Noticed a two-headed ogre
 16152 | D:10     | Killed Joseph
 16153 | D:10     | Reached skill level 1 in Staves
 16199 | D:10     | Killed a two-headed ogre
 17517 | D:12     | You fall into a shaft and drop 3 floors!
 17517 | D:15     | Entered Level 15 of the Dungeon
 17526 | D:14     | Noticed a catoblepas
 17705 | D:12     | Noticed Urug
 17742 | D:12     | Killed Urug
 17975 | D:12     | Noticed a phantasmal warrior
 17996 | D:12     | Killed a phantasmal warrior
 17998 | D:12     | Noticed a death knight
 18016 | D:12     | Your ally Urug died
 18398 | D:11     | Reached XP level 12. HP: 41/105 MP: 23/24
 18715 | D:11     | HP: 2/105 [mirror damage (6)]
 19672 | D:12     | Noticed a boulder beetle
 19698 | D:12     | Killed a boulder beetle
 20189 | Lair:1   | Entered Level 1 of the Lair of Beasts
 20373 | Lair:1   | Noticed a four-headed hydra
 20787 | Lair:1   | Reached skill level 10 in Fighting
 21176 | Lair:1   | Killed a four-headed hydra
 21448 | Lair:1   | Reached skill level 5 in Staves
 22262 | Lair:2   | Noticed a five-headed hydra
 22607 | Lair:2   | Noticed a five-headed hydra
 22617 | Lair:2   | Killed a five-headed hydra
 22618 | Lair:2   | Reached skill level 10 in Invocations
 22933 | Lair:2   | HP: 5/107 [blink frog (12)]
 23302 | Lair:1   | Upgraded the game from 0.28.0 to 0.28.0-1-gb440e238dd
 23895 | Lair:2   | Reached skill level 1 in Evocations
 24286 | Lair:3   | Reached **** piety under Yredelemnul
 24316 | Lair:3   | Reached XP level 13. HP: 81/116 MP: 3/26
 24736 | Lair:3   | Reached skill level 10 in Spellcasting
 24946 | Lair:3   | Found a staircase to the Snake Pit.
 26669 | Lair:4   | Upgraded the game from 0.28.0-1-gb440e238dd to
                  | 0.28.0-53-g5a82cb258f
 27359 | Lair:4   | Reached skill level 5 in Evocations
 27914 | Lair:4   | Found a staircase to the Shoals.
 28681 | Lair:5   | Reached ***** piety under Yredelemnul
 28684 | Lair:5   | Reached ****** piety under Yredelemnul
 29600 | Lair:6   | Entered Level 6 of the Lair of Beasts
 29606 | Lair:5   | Learned a level 2 spell: Passwall
 30220 | Lair:5   | Reached XP level 14. HP: 103/127 MP: 29/29
 30622 | Lair:6   | Found a runed translucent gate.
 30965 | Lair:6   | Found a runed translucent gate.
 30965 | Lair:6   | Noticed Razfen's ghost (journeyman GnWn)
 30965 | Lair:6   | Noticed an acid blob
 30966 | Lair:6   | Found a runed translucent gate.
 30966 | Lair:6   | Noticed an azure jelly
 30966 | Lair:6   | Noticed an acid blob
 30967 | Lair:6   | Noticed an acid blob
 30967 | Lair:6   | Noticed an acid blob
 30967 | Lair:6   | Noticed an azure jelly
 30967 | Lair:6   | Noticed an azure jelly
 30968 | Lair:6   | Noticed an acid blob
 30968 | Lair:6   | Noticed an azure jelly
 30971 | Lair:6   | Noticed an azure jelly
 31012 | Lair:6   | Noticed an azure jelly
 32582 | Lair:5   | Learned a level 1 spell: Apportation
 32586 | Lair:5   | Learned a level 3 spell: Mephitic Cloud
 32590 | Lair:5   | Learned a level 3 spell: Inner Flame
 34047 | Lair:6   | Found a staircase to the Slime Pits.
 35266 | Lair:6   | Reached skill level 10 in Staves
 35676 | Lair:6   | Identified the +1 chain mail "Gasid" {rF+ rN+ Will+}
 36021 | Lair:6   | Found a viscous altar of Jiyva.
 38300 | D:13     | Reached XP level 15. HP: 137/137 MP: 31/31
 39303 | D:14     | Noticed Nessos
 39303 | D:14     | Found a gate to the Vaults.
 39960 | D:14     | Killed Nessos
 40032 | D:13     | Gained mutation: You are strong-willed. (Will+) [potion of
                  | mutation]
 40032 | D:13     | Gained mutation: Your large and strong wings let you fly.
                  | [potion of mutation]
 40032 | D:13     | Gained mutation: You have sharp toenails. [potion of
                  | mutation]
 40032 | D:13     | Gained mutation: You have a pair of small antennae on your
                  | head. [potion of mutation]
 40133 | D:14     | Learned a level 6 spell: Iron Shot
 40206 | D:14     | Noticed Rupert
 40261 | D:14     | Killed Rupert
 40587 | D:14     | Reached skill level 1 in Earth Magic
 41768 | D:15     | Reached XP level 16. HP: 147/147 MP: 32/32
 42281 | D:15     | Found a staircase to the Depths.
 42509 | D:15     | Noticed Agnes
 42513 | D:15     | Killed Agnes
 42823 | Shoals:1 | Entered Level 1 of the Shoals
 42874 | Shoals:1 | Found a frozen archway.
 43298 | IceCv    | Entered an ice cave
 43516 | IceCv    | HP: 7/147 [spriggan defender simulacrum (6)]
 43516 | IceCv    | Mangled by a spriggan defender simulacrum

Illustrated notes

Levels and vault maps discovered:
D:1:      minmay_arrival_arboretum_small, layout_basic,
          chequers_ecumenical_altar_simple_redux, nrook_mini_backslash,
          moated_statue, serial_bayou_crossing
D:2:      layout_basic
D:3:      layout_loops_ring, okawaru_gym_becter, grunt_temple_overflow_open,
          chequers_garden
D:4:      layout_cave_pools, gup_sewer_entry_pipe,
          minmay_hollow_rounded_squares, uniq_grinder, uniq_menkaure
D:5:      layout_basic, mainiacjoe_overflow_cross_hatched,
          minmay_temple_entry_large_hall
D:6:      layout_loops_cross
D:7:      layout_loops_ring, mainiacjoe_overflow_small_starburst, enter_bailey_3
D:8:      layout_basic, mainiacjoe_overflow_alcove_4,
          mainiacjoe_overflow_boulevard
D:9:      layout_cave_pods, jmf_multi_god_temple,
          gammafunk_ghost_wrathful_warriors, minmay_lizard_king
D:10:     layout_long_grid, slow_altar_1, lemuel_tele_altar,
          david_lair_shrubbed, david_orc_5, uniq_joseph
D:11:     layout_rooms
D:12:     layout_stronghold, minmay_increasing_density, uniq_urug
D:13:     layout_roguey
D:14:     layout_irregular_city, david_vaults_3, minmay_misc_feat_tower
D:15:     hangedman_depths_entry_try_elsewhere_first, layout_long_grid,
          serial_shops, bzr_entry_safe, uniq_agnes
Lair:1:   layout_loops_ring
Lair:2:   layout_long_grid
Lair:3:   beast_lair_carwin_large_3, layout_gridlike, dummy_snake_entry,
          roderic_carrion_pond, lemuel_fruit_fields, lemuel_fruit_fields,
          lemuel_fruit_tree
Lair:4:   regret_index_bee_streams, layout_regular_city,
          minmay_shoals_entry_lonely_mermaid
Lair:5:   lemuel_slime, layout_loops_ring
Lair:6:   grunt_lair_end_beastmaster, layout_hall_layers,
          nicolae_slime_entry_slimehenge, gammafunk_ghost_ooze, ice2_lemuel
Shoals:1: layout_shoals, portal_ice_cave_entry_ice_statue_two
IceCv:    ice_cave_small_demon

Skill      XL: |  1  2  3  4  5  6  7  8  9 10 11 12 13 14 15 16 |
---------------+-------------------------------------------------+-----
Dodging        | 2 |  2.1
Stealth        | 2 |  2.2
Conjurations   | 2 3 4 5 6 7 8 |  8.1
Spellcasting   | 3 4 5 6 7 8 9 11 12 13 | 13.1
Fire Magic     | 4 5 6 7 9 10 11 12 13 14 | 14.0
Fighting       | 1 2 3 5 6 8 9 11 12 13 14 | 14.9
Invocations    | 1 2 3 5 6 7 8 10 | 10.0
Polearms       | 2 3 |  3.0
Staves         | 3 6 8 10 11 | 11.5
Evocations     | 2 6 7 |  7.0
Earth Magic    | 2 4 |  4.2

Action                   |  1- 3 |  4- 6 |  7- 9 | 10-12 | 13-15 | 16-18 || total
-------------------------+-------+-------+-------+-------+-------+-------++-------
Melee: Club              |     4 |       |       |       |       |       ||     4
       Unarmed           |     2 |       |       |       |       |       ||     2
       Punch             |     2 |     1 |     1 |       |     5 |     2 ||    11
       Dagger            |    55 |    27 |    53 |       |       |       ||   135
       Tailslap          |     4 |     3 |     7 |     7 |    53 |     9 ||    83
       Staff             |       |       |    11 |    37 |   298 |    31 ||   377
       Spear             |       |       |       |    12 |       |       ||    12
Throw: Throwing net      |       |     1 |       |     1 |       |       ||     2
       Stone             |       |       |       |       |     1 |       ||     1
 Cast: Foxfire           |    56 |    21 |    55 |    42 |    66 |     6 ||   246
       Scorch            |     5 |    49 |   106 |   364 |   377 |    28 ||   929
       Flame Wave        |       |       |     1 |    12 |    28 |       ||    41
       Conjure Flame     |       |       |       |     1 |     1 |       ||     2
       Mephitic Cloud    |       |       |       |       |     1 |       ||     1
       Inner Flame       |       |       |       |       |     1 |       ||     1
       Iron Shot         |       |       |       |       |       |     3 ||     3
Invok: Dark Bargain      |       |       |       |     7 |     3 |       ||    10
       Recall Undead Har |       |       |       |     4 |    18 |     6 ||    28
       Bind Soul         |       |       |       |       |     3 |       ||     3
       Drain Life        |       |       |       |       |       |     1 ||     1
 Abil: Breathe Fire      |       |       |     8 |     9 |    11 |     2 ||    30
Evoke: Box of beasts     |       |       |       |     1 |       |       ||     1
       Wand              |       |       |       |       |     1 |       ||     1
  Use: Scroll            |       |     3 |     8 |    12 |     8 |     1 ||    32
       Potion            |       |       |       |     6 |     6 |     3 ||    15
 Stab: Sleeping          |     1 |     1 |     2 |       |     2 |       ||     6
       Distracted        |       |       |     1 |     2 |    12 |     2 ||    17
       Paralysed         |       |       |       |       |     2 |       ||     2
Armor: Skin              |    20 |    11 |    44 |   120 |   300 |    19 ||   514
Dodge: Dodged            |    70 |    41 |    74 |   235 |   384 |    29 ||   833
Block: Orb               |       |       |       |       |    35 |       ||    35
       Other             |       |       |       |       |    69 |    12 ||    81
       Reflection        |       |       |       |       |     5 |     2 ||     7
